 Dungeon Crawl Stone Soup version 0.28-a0-445-g51f8dfeb47 (webtiles) character file.

Game seed: 13944553995550935737

877 Majang the Slasher (level 8, -2/63 HPs)
             Began as a Formicid Cinder Acolyte on Sept 13, 2021.
             Was a Follower of Ignis.
             Slain by a scorpion (6 damage)
             ... on level 5 of the Dungeon.
             The game lasted 00:11:35 (4109 turns).

Majang the Slasher (Formicid Cinder Acolyte)        Turns: 4109, Time: 00:11:36

Health: -2/63      AC:  1    Str: 21    XL:     8   Next: 25%
Magic:  9/9        EV:  8    Int: 18    God:    Ignis [*.....]
Gold:   103        SH:  0    Dex:  6    Spells: 9/9 levels left

rFire   + . .      SeeInvis +   a - -1 falchion (flame)
rCold   . . .      Faith    .   (no shield)
rNeg    . . .      Spirit   .   c - +0 chain mail
rPois   .          Reflect  .   (helmet unavailable)
rElec   .          Harm     .   (no cloak)
rCorr   .          Rampage  .   (no gloves)
Will    .....                   (no boots)
Stlth   ..........              (no amulet)
HPRegen 0.20/turn               (no ring)
MPRegen 0.11/turn               (no ring)

@: lethally poisoned (-2 -> -12), corroded, very slightly contaminated,
invisible
A: permanent stasis, dig shafts and tunnels, antennae 3, four strong arms,
clever 2, wild magic 1
a: Dig, Shaft Self, Renounce Religion, Sea of Fire, Foxfire Swarm


You were on level 5 of the Dungeon.
You worshipped Ignis.
Ignis was aware of your devotion.
You visited 1 branch of the dungeon, and saw 5 of its levels.

You collected 103 gold pieces.

Inventory:

Hand Weapons
 a - a -1 falchion of flaming (weapon)
Armour
 b - a +0 robe
 c - a +0 chain mail (worn)
Jewellery
 h - an amulet of faith


   Skills:
 + Level 5.5 Fighting
 * Level 6.6 Long Blades
 + Level 2.9 Armour
 + Level 2.3 Dodging
 + Level 3.5 Stealth
 - Level 1.1 Spellcasting
 - Level 3.0 Fire Magic


You had 9 spell levels left.
You didn't know any spells.
Your spell library contained the following spells:

 Spells                   Type           Power      Damage    Failure   Level
 Scorch                   Fire           30%        2d7       71%         2
 Summon Guardian Golem    Hex/Summ       1%         N/A       100%        3
 Orb of Destruction       Conj           0%         N/A       100%        7
 Spellforged Servitor     Conj/Summ      0%         N/A       100%        7


Dungeon Overview and Level Annotations

Branches:
Dungeon (6/15)
 Temple: D:4-7

Altars:
Elyvilon
Ru

Shops:
D:6 *

Annotations:
D:2 1 runed translucent door, Crazy Yiuf


Innate Abilities, Weirdness & Mutations

You cannot be hasted, slowed, berserked, paralysed or teleported.
You can dig through walls and to a lower floor.
You have a pair of large antennae on your head. (SInv)
Your four strong arms can wield two-handed weapons with a shield.
Your mind is very acute. (Int +4)
Your spells are a little harder to cast, but a little more powerful.


Message History

You hit the jelly. You burn the jelly. The acid corrodes you!
Your hands burn!
The jelly is moderately wounded.
The jelly hits you.
You are splashed with acid!
You slash the jelly! You burn the jelly. The acid corrodes you!
Your hands burn!
The jelly is almost dead.
The jelly hits you.
You are splashed with acid!
You hit the jelly. You burn the jelly.
You kill the jelly!
You hit the scorpion but do no damage.
The scorpion stings you but does no damage.
You hit the scorpion but do no damage.
The scorpion stings you but does no damage.
The scorpion stings you!
You closely miss the scorpion. The scorpion stings you.
* * * LOW HITPOINT WARNING * * *
You are poisoned.
The scorpion poisons you!
Your chain mail prevents you from hitting the scorpion.
You feel very sick. The scorpion stings you!
* * * LOW HITPOINT WARNING * * *
Unknown command.
You feel better. The scorpion stings you.
* * * LOW HITPOINT WARNING * * *
You aren't carrying any items that you can evoke.
You fade into invisibility!
The scorpion stings you.
* * * LOW HITPOINT WARNING * * *
You are very lightly contaminated with residual magic.
You closely miss the scorpion.
The scorpion stings you but does no damage.
You hit the scorpion but do no damage. The scorpion barely misses you.
You hit the scorpion but do no damage. The scorpion closely misses you.
Your chain mail prevents you from hitting the scorpion.
The scorpion stings you.
* * * LOW HITPOINT WARNING * * *
You are lethally poisoned!
The scorpion poisons you! The scorpion stings you.
You die...

########### #.........#
#.........# #.........#
#.........####
#.........##@##
#.........###s#
###..........######
#........o#.....#......#
#.........'.....#......#
#.........#.....+s.....#
#.........#.J...#......#
#.........#....s#......#
#.........#.....#......#


You could see a scorpion.

Vanquished Creatures
  Menkaure (D:6)
  Edmund (D:6)
  An ogre (D:6)
  2 phantoms (D:6)
  2 water moccasin skeletons
  A jelly (D:5)
  2 bullfrog skeletons
  2 orc priests (D:3)
  2 orc wizards (D:2)
  5 adders
  An ufetubus (D:6)
  A worm (D:2)
  4 dart slugs
  9 orcs
  5 ball pythons
  3 bats
  5 endoplasms
  4 giant cockroaches
  2 goblins
  3 hobgoblins
  3 jackals (D:2)
  4 kobolds
  4 quokkas
  A rat (D:1)
68 creatures vanquished.

Vanquished Creatures (collateral kills)
  3 foxfires (D:6)
3 creatures vanquished.

Vanquished Creatures (others)
  80 foxfires
80 creatures vanquished.

Grand Total: 151 creatures vanquished

Notes
Turn   | Place    | Note
-------+----------+-------------------------------------------
     0 | D:1      | Majang the Formicid Cinder Acolyte began the quest for the
                  | Orb.
     0 | D:1      | Reached XP level 1. HP: 18/18 MP: 2/2
   187 | D:1      | Found a faded altar of an unknown god.
   189 | D:1      | You fall into a shaft and drop 1 floor!
   287 | D:1      | Reached XP level 2. HP: 24/24 MP: 3/3
   742 | D:1      | Reached XP level 3. HP: 30/30 MP: 4/4
   943 | D:2      | Reached skill level 4 in Long Blades
   948 | D:2      | Reached XP level 4. HP: 13/37 MP: 5/5
  1618 | D:2      | Reached XP level 5. HP: 16/42 MP: 6/6
  2048 | D:2      | Found a runed translucent door.
  2049 | D:2      | Noticed Crazy Yiuf
  2225 | D:3      | Reached skill level 5 in Long Blades
  2388 | D:3      | Found a sacrificial altar of Ru.
  2504 | D:2      | Reached skill level 1 in Stealth
  2504 | D:2      | Reached XP level 6. HP: 33/49 MP: 7/7
  2607 | D:3      | Reached skill level 1 in Armour
  2665 | D:3      | Reached skill level 1 in Dodging
  2782 | D:3      | You fall into a shaft and drop 3 floors!
  2782 | D:6      | Found Xughots's Neck Hole.
  2878 | D:6      | Reached XP level 7. HP: 52/55 MP: 8/8
  2918 | D:6      | Reached skill level 5 in Fighting
  3252 | D:6      | Reached skill level 6 in Long Blades
  3361 | D:6      | Noticed Edmund
  3379 | D:6      | Killed Edmund
  3587 | D:6      | Found a white marble altar of Elyvilon.
  3722 | D:6      | Noticed Menkaure
  3729 | D:6      | Killed Menkaure
  3730 | D:6      | Reached XP level 8. HP: 7/63 MP: 9/9
  3740 | D:5      | Entered Level 5 of the Dungeon
  3746 | D:5      | HP: 3/63 [water moccasin skeleton (6)]
  3748 | D:5      | Gained mutation: Your mind is acute. (Int +2) [potion of
                  | mutation]
  3748 | D:5      | Gained mutation: Your mind is very acute. (Int +4) [potion
                  | of mutation]
  3748 | D:5      | Gained mutation: Your spells are a little harder to cast,
                  | but a little more powerful. [potion of mutation]
  4109 | D:5      | Slain by a scorpion

Illustrated notes

Levels and vault maps discovered:
D:1:      mrwooster_arrival_statue, layout_basic, ebering_ecumenical_altar_hall,
          st_stairs_3
D:2:      layout_basic, uniq_crazy_yiuf_cottage
D:3:      layout_loops_cross, grunt_temple_overflow_open,
          lightli_temple_of_fire, grunt_ministairs_15, guppyfry_early_lair_pool
D:5:      cheibrodos_two_vegetables, layout_gridville,
          mainiacjoe_overflow_catwalk, columned_hall_lemuel
D:6:      layout_loops_ring, nicolae_elyvilon_temple_path,
          minmay_temple_entry_enclosed_plants, kb_lookout_dungeons_type,
          nicolae_shop_sticking_my_neck_out, uniq_menkaure, uniq_edmund

Skill      XL: |  1  2  3  4  5  6  7 |
---------------+----------------------+-----
Long Blades    | 4 5 6 |  6.6
Fighting       | 4 5 |  5.5
Stealth        | 1 2 3 |  3.5
Armour         | 1 2 |  2.9
Dodging        | 1 2 |  2.3
Spellcasting   | |  1.1
Fire Magic     | |  3.0

Action                   |  1- 3 |  4- 6 |  7- 9 || total
-------------------------+-------+-------+-------++-------
Melee: Falchion          |    76 |   120 |    73 ||   269
Invok: Foxfire Swarm     |       |     1 |     6 ||     7
       Sea of Fire       |       |       |     1 ||     1
       Rising Flame      |       |       |     1 ||     1
 Abil: Dig               |       |     1 |     3 ||     4
  Use: Scroll            |     1 |     3 |     1 ||     5
       Potion            |       |       |     5 ||     5
Armor: Chain mail        |    55 |    84 |    45 ||   184
Dodge: Dodged            |    26 |    42 |    20 ||    88

Table legend: (Time is in decaauts)
 A = Elapsed time spent in this place.
 B = Non-inter-level travel time spent in this place.
 C = Inter-level travel time spent in this place.
 D = Time resting spent in this place.
 E = Time spent auto-exploring this place.
 F = Levels seen in this place.
 G = Mean time per level.
                   A        B        C        D        E       F      G
               +--------+--------+--------+--------+--------+-----+--------+
         Total |   4130 |   4067 |     63 |   2032 |   1215 |   5 |  826.0 |
       Dungeon |   4130 |   4067 |     63 |   2032 |   1215 |   5 |  826.0 |
               +--------+--------+--------+--------+--------+-----+--------+

Top non-repeatable levels by time:
     D:2: 1408 daAuts
     D:1: 986 daAuts
     D:6: 958 daAuts
     D:3: 408 daAuts
     D:5: 368 daAuts
